 Dungeon Crawl Stone Soup version 0.17.1-1-g73c8601 (webtiles) character file.

5311 Peloso the Blocker (level 10, -2/84 HPs)
             Began as a Demigod Fighter on Jan 2, 2016.
             Slain by Flanowski's ghost (3 damage)
             ... on level 9 of the Dungeon.
             The game lasted 00:31:26 (9513 turns).

Peloso the Blocker (Demigod Fighter)                Turns: 9513, Time: 00:31:26

Health: -2/84      AC: 23    Str: 25    XL:     10   Next: 15%
Magic:  13/13      EV: 13    Int: 12    God:
Gold:   742        SH: 12    Dex: 20    Spells: 0 memorised, 9 levels left

rFire  . . .     SeeInvis .     a - +1 long sword
rCold  . . .     Clarity  .     o - +0 plate armour
rNeg   . . .     SustAt   +     c - +0 shield
rPois  .         Gourm    .     (no helmet)
rElec  .         Spirit   .     s - +1 cloak
rCorr  .         Warding  .     B - +2 pair of gloves
rMut   .         Stasis   .     i - +0 pair of boots
MR     +....                    (no amulet)
Stlth  ..........               d - +3 ring of protection
                                y - ring of stealth

@: agile, very slightly contaminated, hasted, very quick, somewhat resistant to
hostile enchantments, extremely unstealthy
A: high mp 1, sustain attributes
a: no special abilities


You were on level 9 of the Dungeon.
You were hungry.

You visited 1 branch of the dungeon, and saw 9 of its levels.

You collected 742 gold pieces.

Inventory:

Hand Weapons
 a - a +1 long sword (weapon)
 G - a +0 whip of flaming
Armour
 c - a +0 shield (worn)
 i - a +0 pair of boots (worn)
 j - a +0 cloak
 o - a +0 plate armour (worn)
 p - a +0 chain mail
 s - a +1 cloak (worn)
 B - a +2 pair of gloves (worn)
Jewellery
 d - a +3 ring of protection (right hand)
 u - an uncursed ring of ice
 y - a ring of stealth (left hand)
Wands
 b - a wand of disintegration (16)
Scrolls
 g - 2 scrolls of teleportation
 h - 2 scrolls of enchant armour
 m - 3 scrolls of remove curse
 n - 2 scrolls of magic mapping
 r - a scroll of fear
 t - 2 scrolls of identify
 w - a scroll of recharging
 F - 2 scrolls of enchant weapon
 J - a scroll of blinking
Potions
 f - 4 potions of curing
 q - a potion of brilliance
 v - a potion of cure mutation
 x - 2 potions of might
 z - 2 potions of invisibility
 C - a potion of cancellation
Books
 E - a Young Poisoner's Handbook

   Spells                             Type                      Level
   a - Sting                          Conjuration/Poison           1
   b - Cure Poison                    Poison                       2
   c - Mephitic Cloud                 Conjuration/Poison/Air       3
   d - Olgreb's Toxic Radiance        Poison                       4
   e - Venom Bolt                     Conjuration/Poison           5
Comestibles
 e - 9 bread rations
 l - 2 beef jerkies
 A - 4 meat rations
 I - a slice of pizza
 K - 12 chunks of flesh


   Skills:
 + Level 6.5 Fighting
 + Level 7.3 Long Blades
 + Level 7.0 Armour
 + Level 3.3 Dodging
 + Level 1.0 Stealth
 + Level 8.2 Shields


You had 9 spell levels left.
You didn't know any spells.

Dungeon Overview and Level Annotations

Branches:
Dungeon (9/15)             Temple (0/1) D:5
   Lair: D:8-11         Orc: D:9-12

Shops:
D:6 =

Annotations:
D:9 Flanowski's ghost, novice MiFi


Innate Abilities, Weirdness & Mutations

You have an increased reservoir of magic (+10% MP).
Your attributes are resistant to harm.


Message History

You hit Flanowski's ghost.
Flanowski's ghost is almost destroyed.
Flanowski's ghost hits you.
You hit Flanowski's ghost but do no damage.
Flanowski's ghost is severely damaged.
Flanowski's ghost hits you.
You barely miss Flanowski's ghost.
Flanowski's ghost is severely damaged.
You barely miss Flanowski's ghost.
Flanowski's ghost is severely damaged.
Flanowski's ghost closely misses you.
You hit Flanowski's ghost but do no damage.
Flanowski's ghost is severely damaged.
Flanowski's ghost hits you!
* * * LOW HITPOINT WARNING * * *
x2 You hit Flanowski's ghost.
Flanowski's ghost is almost destroyed.
Flanowski's ghost hits you!
* * * LOW HITPOINT WARNING * * *
You die...

'######..................
............######'######
............# #...#....
....O.......# #...#....
............# #...#....
.......)....## #######'#
..######O....# #..
#W###.# #.. #@###.# #.#
#.....###+## #..
###.........# ###
#.........' #.###+###.#
#.........# #.........# #
#.........# #
########.........######


You could see an ogre and Flanowski's ghost.

Vanquished Creatures
  The ghost of kolansburg the Skirmisher, a novice MiFi of Makhleb (D:5)
  An ugly thing (D:6)
  A troll (D:9)
  Sigmund (D:3)
  5 humans (D:6)
  2 hungry ghosts
  A wyvern (D:8)
  A hippogriff (D:8)
  An orc warrior (D:7)
  An ice beast (D:8)
  3 sky beasts
  2 phantoms
  3 ogres
  3 centaurs
  The ghost of Glider the Cudgeler, an amateur GrFi (D:3)
  4 big kobolds (D:3)
  4 giant frogs
  A wyvern skeleton (D:8)
  A giant frog zombie (D:5)
  2 jellies
  Crazy Yiuf (D:4)
  5 hounds
  3 giant frog skeletons
  2 centaur skeletons
  2 iguanas
  4 orc wizards
  7 worker ants
  A hound zombie (D:8)
  7 gnolls
  A worker ant zombie (D:8)
  A shadow imp (D:6)
  11 adders
  2 worms (D:2)
  31 orcs
  8 giant cockroaches
  12 goblins
  7 hobgoblins
  5 jackals
  A quokka (D:5)
  6 ball pythons
  8 bats
  5 giant geckos
  8 giant newts
  51 kobolds
  A quokka skeleton (D:4)
  4 rats (D:2)
233 creatures vanquished.

Notes
Turn   | Place    | Note
--------------------------------------------------------------
     0 | D:1      | Peloso the Demigod Fighter began the quest for the Orb.
     0 | D:1      | Reached XP level 1. HP: 18/18 MP: 3/3
   306 | D:1      | Reached XP level 2. HP: 25/25 MP: 4/4
   315 | D:1      | Reached skill level 3 in Armour
   921 | D:2      | Reached XP level 3. HP: 19/30 MP: 5/5
   969 | D:2      | Found a deep blue altar of Sif Muna.
  1307 | D:3      | Found a glowing golden altar of the Shining One.
  1408 | D:3      | Noticed Sigmund
  1421 | D:3      | Killed Sigmund
  1421 | D:3      | Reached skill level 1 in Dodging
  1421 | D:3      | Reached XP level 4. HP: 18/38 MP: 6/6
  1421 | D:3      | Reached XP level 5. HP: 21/45 MP: 7/7
  1592 | D:3      | Found an opulent altar of Gozag.
  1871 | D:3      | Noticed Glider's ghost (amateur GrFi)
  1879 | D:3      | Killed Glider's ghost
  1896 | D:3      | Found a white marble altar of Elyvilon.
  1959 | D:3      | Reached skill level 4 in Shields
  2168 | D:3      | Found a sparkling altar of Nemelex Xobeh.
  2396 | D:3      | Noticed a big kobold
  2426 | D:3      | Killed a big kobold
  2426 | D:3      | Reached XP level 6. HP: 52/52 MP: 8/8
  2762 | D:3      | Noticed a big kobold
  2773 | D:3      | Killed a big kobold
  2931 | D:3      | Noticed a big kobold
  2932 | D:3      | Noticed a big kobold
  2944 | D:3      | Killed a big kobold
  2963 | D:3      | Killed a big kobold
  2963 | D:3      | Reached XP level 7. HP: 28/59 MP: 9/9
  3316 | D:3      | Reached skill level 5 in Shields
  4304 | D:4      | Noticed Crazy Yiuf
  4310 | D:4      | Killed Crazy Yiuf
  4534 | D:5      | Entered Level 5 of the Dungeon
  4561 | D:5      | Found a staircase to the Ecumenical Temple.
  4965 | D:5      | Found a shadowy altar of Dithmenos.
  5222 | D:5      | Noticed kolansburg's ghost (novice MiFi)
  5264 | D:5      | Killed kolansburg's ghost
  5264 | D:5      | Reached skill level 5 in Fighting
  5264 | D:5      | Reached skill level 5 in Armour
  5264 | D:5      | Reached skill level 6 in Shields
  5264 | D:5      | Reached XP level 8. HP: 24/68 MP: 10/10
  5492 | D:5      | Reached skill level 1 in Stealth
  5870 | D:6      | Found Unkoere's Jewellery Shoppe.
  5939 | D:6      | Reached skill level 5 in Long Blades
  6101 | D:6      | Noticed a purple ugly thing
  6119 | D:6      | Killed a purple ugly thing
  6537 | D:6      | Reached XP level 9. HP: 72/74 MP: 11/11
  6679 | D:6      | Reached skill level 7 in Shields
  6721 | D:6      | Found a glowing silver altar of Zin.
  6721 | D:6      | Noticed an angel
  7034 | D:7      | Found a shattered altar of Ashenzari.
  8729 | D:8      | Reached XP level 10. HP: 73/84 MP: 13/13
  8892 | D:9      | Reached skill level 8 in Shields
  9430 | D:9      | Noticed Flanowski's ghost (novice MiFi)
  9513 | D:9      | HP: 1/84 [Flanowski's ghost (10)]
  9513 | D:9      | Slain by Flanowski's ghost

Action                   |  1- 3 |  4- 6 |  7- 9 | 10-12 || total
-------------------------+-------+-------+-------+-------++-------
Melee: Long sword        |   155 |   242 |   686 |   140 ||  1223
Evoke: Wand              |       |       |       |     7 ||     7
  Use: Potion            |     1 |     1 |       |     3 ||     5
       Scroll            |       |       |    17 |     4 ||    21
  Eat: Chunk             |     2 |     5 |    17 |     3 ||    27
       Fruit             |       |       |     3 |       ||     3
       Royal jelly       |       |       |     2 |       ||     2
